 Dungeon Crawl Stone Soup version 0.17-a0-18-gc25b939 (webtiles) character file.

16403 Pikaro the Severer (level 12, -2/86 HPs)
             Began as a Formicid Abyssal Knight on Mar 7, 2015.
             Was the Champion of Lugonu.
             Killed from afar by an orc sorcerer (30 damage)
             ... with a bolt of fire
             ... on level 1 of the Orcish Mines.
             The game lasted 01:04:40 (18596 turns).

Pikaro the Severer (Formicid Abyssal Knight)       Turns: 18596, Time: 01:04:40

Health: -2/86      AC: 19    Str: 22    XL:     12   Next: 69%
Magic:  20/21      EV: 18    Int: 19    God:    Lugonu [******]
Gold:   814        SH:  8    Dex: 18    Spells: 0 memorised, 11 levels left

rFire  . . .     SeeInvis +     p - +5 war axe (venom)
rCold  . . .     Clarity  +     V - +1 pearl dragon armour {rN+}
rNeg   + . .     SustAb   .     O - +2 buckler
rPois  .         Gourm    .     (helmet unavailable)
rElec  .         Spirit   .     m - +2 cloak
rCorr  .         Warding  .     d - +1 pair of gloves
rMut   .         Stasis   +     B - +0 pair of boots
MR     +....                    (no amulet)
Stlth  +.........               C - +4 ring of intelligence
                                g - +2 ring of strength

@: agile, somewhat resistant to hostile enchantments, very unstealthy
A: permanent stasis, dig shafts and tunnels, four strong arms, antennae 3,
repulsion field 1, agile 1, clarity, clever 1
a: Dig, Shaft Self, Depart the Abyss, Bend Space, Banish, Corrupt, Enter the
Abyss, Renounce Religion


You were on level 1 of the Orcish Mines.
You worshipped Lugonu.
Lugonu was exalted by your worship.
You were not hungry.

You visited 3 branches of the dungeon, and saw 14 of its levels.
You visited the Abyss 1 time.
You also visited: Labyrinth and Bailey.

You collected 1318 gold pieces.
You spent 504 gold pieces at shops.

Inventory:

Hand weapons
 p - a +5 war axe of venom (weapon)
   (You took it off an orc on level 3 of the Dungeon)
 E - a +2 battleaxe of chopping
   (You acquired it on level 8 of the Dungeon)
Missiles
 D - 33 tomahawks of returning (quivered)
Armour
 d - a +1 pair of gloves (worn)
   (You found it on level 1 of the Abyss)
 m - a +2 cloak (worn)
   (You found it on level 1 of the Dungeon)
 v - the +3 leather armour of a ziggurat {rPois}
   (You found it on level 5 of the Dungeon)

   It protects you from poison.
 B - a +0 pair of boots (worn)
   (You found it on level 7 of the Dungeon)
 O - a +2 buckler (worn)
   (You found it on level 11 of the Dungeon)
 V - a +1 pearl dragon armour (worn) {rN+}
   (You found it in a labyrinth)
Magical staves
 K - an uncursed staff of cold {rC+}
   (You found it on level 9 of the Dungeon)
 Q - an uncursed staff of earth
   (You found it in a labyrinth)
Rods
 S - a +6 iron rod (9/9)
   (You found it in a labyrinth)
Jewellery
 g - a +2 ring of strength (left hand)
   (You found it on level 1 of the Abyss)
 k - an uncursed amulet of clarity {Clar, !d}
   (You found it on level 1 of the Dungeon)
 C - a +4 ring of intelligence (right hand)
   (You found it on level 7 of the Dungeon)
 R - an uncursed ring of stealth {Stlth+}
   (You found it in a labyrinth)
Magical devices
 x - a wand of slowing (19)
   (You found it on level 5 of the Dungeon)
 y - a wand of invisibility (0)
   (You found it on level 5 of the Dungeon)
 I - a wand of disintegration (9)
   (You bought it in a shop on level 7 of the Dungeon)
 P - a wand of fireball (5)
   (You found it in a labyrinth)
 T - a wand of polymorph (16)
   (You found it in a labyrinth)
Scrolls
 i - 5 scrolls of remove curse
 t - a scroll of magic mapping {!r}
 z - 4 scrolls of enchant weapon
 F - a scroll of recharging
 H - a scroll of immolation {!r}
 M - 2 scrolls of enchant armour
Potions
 a - 3 potions of magic
 e - 2 potions of resistance
 f - a potion of ambrosia
 h - a potion of cancellation
 j - a potion of restore abilities
 r - a potion of cure mutation {!q}
 A - 2 potions of flight
 G - 2 potions of brilliance
 J - a potion of agility
Books
 b - a book of Burglary
   (You found it in a bailey)
 w - a book of the Dragon
   (You found it on level 5 of the Dungeon)
 L - a book of Debilitation
   (You found it on level 10 of the Dungeon)
Miscellaneous
 n - a plain deck of summoning {drawn: 7}
   (You found it in a bailey)
 U - a plain deck of defence
   (You found it in a labyrinth)
Comestibles
 c - 7 bread rations
 l - 3 royal jellies
 o - 7 meat rations
 q - 5 beef jerkies
 u - 8 slices of pizza
 W - 6 chunks of flesh


   Skills:
 + Level 5.1 Fighting
 - Level 17.0 Axes
 + Level 4.2 Armour
 + Level 3.2 Dodging
 - Level 5.0 Shields
 + Level 4.3 Invocations


You had 11 spell levels left.
You didn't know any spells.

Dungeon Overview and Level Annotations

Branches:
Dungeon (12/15)            Temple (0/1) D:4            Lair (1/8) D:8
    Orc (1/4) D:12

Altars:
Cheibriados
Elyvilon
Fedhas
Makhleb
Qazlal
Ru
Sif Muna
Vehumet
Xom
Zin

Shops:
D:7 %*?

Portals:
Trove: D:10 (give 8 potions of haste)
Volcano: Orc:1

Annotations:
D:6 Tux's ghost, experienced DsAK
Orc:1 Maurice; Snorg


Innate Abilities, Weirdness & Mutations

You are under a permanent stasis effect.
You can dig through walls and to a lower floor.
Your four strong arms can wield two-handed weapons with a shield.
You have a pair of large antennae on your head (SInv).
You are surrounded by a mild repulsion field (EV +2).
You are agile. (Dex +2)
You possess an exceptional clarity of mind.
Your mind is acute. (Int +2)


Message History

Snorg completely misses you. You block Snorg's attack.
You block Snorg's attack. Snorg bites you but does no damage. Snorg claws you!
* * * LOW HITPOINT WARNING * * *
Snorg closely misses you.
You take 12 damage, and have 15/86 hp.
Spoiler Alert: Snorg (berserk) can berserk and hit for high damage!
Spoiler Alert: Snorg (berserk) can berserk and hit for high damage!
Snorg bites you but does no damage. Snorg barely misses you.
Snorg closely misses you.
Spoiler Alert: Snorg (berserk) can berserk and hit for high damage!
Spoiler Alert: Snorg (berserk) can berserk and hit for high damage!
Space bends around you!
You blink.
* * * LOW HITPOINT WARNING * * *
You feel slightly more hungry.
You take 2 damage, and have 13/86 hp.
You now have 20/21 mp.
Spoiler Alert: Snorg (berserk) can berserk and hit for high damage!
Spoiler Alert: Snorg (berserk) can berserk and hit for high damage!
Snorg rages.
Spoiler Alert: Snorg (berserk) can berserk and hit for high damage!
Space bends around you!
You blink.
* * * LOW HITPOINT WARNING * * *
You feel slightly more hungry.
You take 1 damage, and have 12/86 hp.
You now have 19/21 mp.
Spoiler Alert: Snorg (berserk) can berserk and hit for high damage!
Drink which item? (? for menu, Esc to quit)
You feel better. You block Snorg's attack. You block Snorg's attack.
Snorg claws you!
* * * LOW HITPOINT WARNING * * *
You regained 2 hp, and now have 14/86 hp.
Spoiler Alert: Snorg (berserk) can berserk and hit for high damage!
Space bends around you!
You blink.
* * * LOW HITPOINT WARNING * * *
You feel slightly more hungry.
You found an alarm trap!
Snorg is no longer berserk.
Spoiler Alert: Snorg can berserk and hit for high damage!
Drink which item? (? for menu, Esc to quit)
Okay, then.
You hear the slow rumble of an avalanche of rocks nearby.
There is a staircase back to the Dungeon here.
Snorg looks more energetic.
You climb upwards.
Welcome back to the Dungeon!
There is a staircase to the Orcish Mines, spattered with blood here.
Eating one of 7 chunks of flesh.
You continue eating. x2
MP restored: 21
There is a staircase to the Orcish Mines, spattered with blood here.
There is a staircase to the Orcish Mines, spattered with blood here.
Drink which item? (? for menu, Esc to quit)
You feel better.
You regained 10 hp, and now have 28/86 hp.
Drink which item? (? for menu, Esc to quit)
You feel better.
You regained 6 hp, and now have 34/86 hp.
You climb downwards.
Welcome to the Orcish Mines!
You feel an oppressive heat about you.
There is an entrance to a volcano on this level.
Hurry and find it before the entrance collapses!
Level annotation: Snorg Snorg bites you but does no damage.
You block Snorg's attack. Snorg closely misses you.
There is a staircase back to the Dungeon here.
Spoiler Alert: Snorg can berserk and hit for high damage!
Snorg goes berserk!
Spoiler Alert: Snorg (berserk) can berserk and hit for high damage!
Space bends around you!
You blink.
You feel slightly more hungry.
You now have 20/21 mp.
Spoiler Alert: Snorg (berserk) can berserk and hit for high damage!
Read which item? (? for menu, Esc to quit)
Really read
t - 2 scrolls of magic mapping {!r}?
As you read the scroll of magic mapping {!r}, it crumbles to dust.
You feel aware of your surroundings.
You sensed 1 shop/portal.
Maurice the Thief comes into view.
He is wielding a dagger.
Maurice zaps a wand.
You are blasted!
It is a wand of disintegration.
You take 5 damage, and have 30/86 hp.
Warning x2: Maurice can steal items, and teleport away!
Snorg (berserk) can berserk and hit for high damage!
Warning x2: Maurice can steal items, and teleport away!
Snorg (berserk) can berserk and hit for high damage!
You block Snorg's attack. Snorg claws you but does no damage. Snorg claws you.
There is a stone staircase leading down here.
Spoiler Alert: Snorg (berserk) can berserk and hit for high damage!
MP restored: 21 Spoiler Alert: Snorg (berserk) can berserk and hit for high damage!
You block Snorg's attack. x2
Snorg closely misses you.
Spoiler Alert: Snorg (berserk) can berserk and hit for high damage!
An orc sorcerer comes into view. It is wielding a dagger.
The orc sorcerer shouts!
Found 30 gold pieces.
Found a dark tunnel.
Warning x2: The orc sorcerer can cast Paralyse, Summon Demon, Animate Dead, Bolt of Fire!
Snorg (berserk) can berserk and hit for high damage!
Space bends around you!
You blink.
You feel slightly more hungry. The orc sorcerer casts a spell at you.
The bolt of fire hits you!
You die...

***,*#...........)[#..§.§.§......
*,,,,#...#.......).[#..§.8§§...#.
,...@#..#..............§§§§#§#...
*....{{{..................#§§§...
*#..###.#@.....^........§#$§.§...
,*,,**####>......................
,,****≈≈*##..........#...#.§..##.
,,* *≈≈≈* #....#..#.......#....,,
,,***≈≈≈**#§T...@.#..#..........,
,,,.$§.......#.......##........##
,,,,.........#...#..##...#......*
*,**#≈∩≈###.....#...#,,,*,...,,,,
,,* ###** #..#o###.##,,,,,,,,,,,*
*,** **#.#...******,**,*,,,,,,
**,** ***,##....# *****,,,,,,,
**,***,*,,,...#*** **,,,,,,
**,,,,,,*,.,,**,** ***,*,*


You could see Snorg (berserk), Maurice and an orc sorcerer.

Vanquished Creatures
  A hill giant (D:11)
  An orc knight (Bailey)
  2 ugly things
  A manticore (D:11)
  2 centaur zombies
  A troll (D:10)
  The ghost of hornqvist the Covert, an experienced OpAs of Okawaru (D:5)
  2 komodo dragons
  2 two-headed ogres
  Grinder (D:6)
  4 blink frogs (Lair:1)
  A human (D:7)
  3 hungry ghosts
  Eustachio (D:6)
  19 yaks
  2 steam dragons (D:9)
  A hippogriff (D:8)
  Menkaure (D:6)
  8 orc warriors
  2 water moccasins (D:8)
  2 ice beasts (D:8)
  3 black bears
  2 sky beasts
  5 centaurs
  7 ogres
  An eye of draining (D:9)
  2 phantoms
  A crocodile (D:11)
  A wasp (D:12)
  Duvessa (D:6)
  13 giant frogs
  A gnoll sergeant (D:9)
  A big kobold (D:7)
  A water moccasin zombie (D:6)
  5 scorpions
  A wyvern skeleton (D:9)
  4 killer bees (D:9)
  A water moccasin skeleton (D:6)
  Dowan (D:6)
  3 goliath beetles
  3 jellies
  3 giant frog zombies
  3 hounds
  6 orc priests
  8 crimson imps
  2 giant frog skeletons
  8 orc wizards
  2 centaur skeletons
  8 worker ants
  Natasha (thrice) (D:3)
  4 sheep (D:7)
  6 ogre zombies (D:12)
  A hound zombie (D:3)
  3 worker ant zombies
  15 adders
  20 gnolls
  4 shadow imps
  A white imp (D:6)
  3 worms
  An adder zombie (D:3)
  5 giant geckos
  46 orcs
  A bat skeleton (D:7)
  2 bat zombies
  6 giant cockroaches
  12 goblins
  22 hobgoblins
  8 jackals
  8 quokkas
  2 ball pythons
  20 bats
  2 giant gecko skeletons
  3 giant newts (D:2)
  A giant spore (D:7)
  A goblin zombie (D:12)
  2 hobgoblin zombies (D:12)
  A jackal zombie (D:3)
  35 kobolds
  2 orc skeletons (D:12)
  14 orc zombies (D:12)
  A quokka zombie (D:3)
  21 rats
  A bush (D:1)
  2 plants (D:1)
434 creatures vanquished.

Vanquished Creatures (collateral kills)
  A minotaur (Lab)
1 creature vanquished.

Vanquished Creatures (others)
  A raiju (Lab)
  A raven (Lab)
  2 basilisks (Lab)
  A water elemental (Lab)
  2 fungi (D:6)
  A plant (D:8)
  2 starspawn tentacle segments (Abyss:1)
10 creatures vanquished.

Grand Total: 445 creatures vanquished

Notes
Turn   | Place    | Note
--------------------------------------------------------------
     0 | Abyss:1  | Pikaro, the Formicid Abyssal Knight, began the quest for the Orb.
     0 | Abyss:1  | Reached XP level 1. HP: 18/18 MP: 1/1
   113 | Abyss:1  | Noticed a starcursed mass
   115 | Abyss:1  | Noticed a tentacled starspawn
   119 | D:1      | Escaped the Abyss
   254 | D:1      | Reached XP level 2. HP: 22/24 MP: 3/3
   379 | D:1      | Acquired Lugonu's first power
   512 | D:1      | Reached skill level 3 in Axes
   645 | D:1      | Reached XP level 3. HP: 20/29 MP: 5/5
   815 | D:1      | HP: 3/29 [gnoll/spear (6)]
  1271 | D:1      | Reached XP level 4. HP: 35/35 MP: 6/6
  1289 | D:1      | Reached skill level 4 in Axes
  1519 | D:1      | Acquired Lugonu's second power
  2436 | D:2      | Found a deep blue altar of Sif Muna.
  2474 | D:2      | Reached XP level 5. HP: 26/41 MP: 8/8
  2519 | D:2      | Reached skill level 5 in Axes
  3550 | D:3      | Reached XP level 6. HP: 43/47 MP: 10/10
  3684 | D:3      | Acquired Lugonu's third power
  3684 | D:3      | Reached skill level 6 in Axes
  3934 | D:3      | Noticed Natasha
  3941 | D:3      | Killed Natasha
  4132 | D:3      | Noticed Natasha
  4138 | D:3      | Killed Natasha
  4184 | D:3      | Noticed Natasha
  4188 | D:3      | Killed Natasha
  4938 | D:4      | Found a staircase to the Ecumenical Temple.
  4946 | D:4      | Gained mutation: You are agile. (Dex +2) [potion of mutation]
  4946 | D:4      | Gained mutation: Your mind is acute. (Int +2) [potion of mutation]
  4946 | D:4      | Gained mutation: You possess an exceptional clarity of mind. [potion of mutation]
  5058 | D:4      | Acquired Lugonu's fourth power
  5103 | D:4      | Reached skill level 7 in Axes
  5103 | D:4      | Reached XP level 7. HP: 52/52 MP: 11/11
  5378 | D:4      | Noticed a black bear
  5383 | D:4      | Killed a black bear
  5665 | D:5      | Entered Level 5 of the Dungeon
  5688 | D:5      | Reached skill level 8 in Axes
  5898 | D:5      | Reached XP level 8. HP: 58/58 MP: 13/13
  6025 | D:5      | Reached skill level 9 in Axes
  6035 | D:5      | Got a faintly humming leather armour
  6046 | D:5      | Identified the +3 leather armour of a ziggurat {rPois} (You found it on level 5 of the Dungeon)
  6151 | D:5      | Noticed hornqvist's ghost (experienced OpAs)
  6164 | D:5      | Killed hornqvist's ghost
  6343 | D:5      | Reached skill level 10 in Axes
  6443 | D:5      | Found a stormy altar of Qazlal.
  6443 | D:5      | Noticed a fire elemental
  6446 | D:5      | Noticed an air elemental
  6446 | D:5      | Noticed a water elemental
  6494 | D:5      | Found a glowing silver altar of Zin.
  6656 | D:5      | Got a jewelled quarterstaff
  6793 | D:5      | Reached XP level 9. HP: 56/64 MP: 15/15
  7041 | D:6      | Noticed Grinder
  7050 | D:6      | Killed Grinder
  7050 | D:6      | Acquired Lugonu's fifth power
  7050 | D:6      | Reached skill level 11 in Axes
  7281 | D:6      | Noticed Eustachio
  7295 | D:6      | Killed Eustachio
  7587 | D:6      | Found a shimmering altar of Xom.
  7588 | D:6      | Noticed Tux's ghost (experienced DsAK)
  7776 | D:6      | Noticed Duvessa
  7776 | D:6      | Noticed Dowan
  7782 | D:6      | Killed Duvessa
  7786 | D:6      | Killed Dowan
  7855 | D:6      | Found a burning altar of Makhleb.
  7919 | D:6      | Reached skill level 12 in Axes
  8174 | D:6      | Found a blossoming altar of Fedhas.
  8174 | D:6      | Found a radiant altar of Vehumet.
  8176 | D:6      | Found a white marble altar of Elyvilon.
  8186 | D:6      | Noticed Menkaure
  8192 | D:6      | HP: 2/64 [Menkaure (16)]
  8193 | D:6      | Killed Menkaure
  8767 | D:7      | Found Prioppib's Food Shop.
  8780 | D:7      | Found a flagged portal.
  8794 | D:7      | Reached XP level 10. HP: 61/70 MP: 16/16
  8804 | Bailey   | Entered a bailey
  8933 | Bailey   | Noticed an orc knight
  8977 | Bailey   | Reached skill level 13 in Axes
  8981 | Bailey   | Killed an orc knight
  9229 | Bailey   | Got an encrusted shortbow
  9230 | Bailey   | Identified the +2 shortbow of the Pits of Slime {flame, Str-5 Dex+8 Stlth+} (You took it off a kobold in a bailey)
  9244 | Bailey   | Found a burning altar of Makhleb.
  9385 | D:7      | Found Ereaf's Magic Scroll Shop.
  9387 | D:7      | Found Pniaci's Assorted Antiques.
  9391 | D:7      | Bought a scroll of recharging for 133 gold pieces
  9391 | D:7      | Bought a scroll of enchant weapon for 105 gold pieces
  9391 | D:7      | Bought a scroll of identify for 28 gold pieces
  9394 | D:7      | Bought a scroll of identify for 68 gold pieces
  9394 | D:7      | Bought a scroll labeled ACIEKUY TOR TUQ for 34 gold pieces
  9394 | D:7      | Bought a glowing lead wand for 136 gold pieces
  9939 | D:7      | Reached skill level 14 in Axes
 10265 | D:7      | Found a snail-covered altar of Cheibriados.
 10535 | D:8      | Identified a scroll of acquirement
 11116 | D:8      | Found a staircase to the Lair.
 11584 | D:8      | Reached XP level 11. HP: 75/75 MP: 18/18
 11672 | D:9      | Reached skill level 15 in Axes
 11896 | D:9      | HP: 14/75 [yak (10)]
 11904 | D:9      | HP: 15/75 [yak (5)]
 12660 | D:9      | Found a sacrificial altar of Ru.
 12665 | D:9      | Noticed a brown ugly thing
 12736 | D:10     | Entered Level 10 of the Dungeon
 13493 | D:9      | Killed a brown ugly thing
 13493 | D:9      | Reached skill level 16 in Axes
 13493 | D:9      | HP: 14/75 [yak (9)]
 14167 | D:9      | Got an emerald-encrusted leather armour
 14178 | D:9      | Identified the +2 leather armour of the Flute {Str+3} (You found it on level 9 of the Dungeon)
 14201 | D:9      | HP: 17/75 [yak (14)]
 14303 | D:9      | HP: 9/75 [yak (16)]
 14986 | Lair:1   | Entered Level 1 of the Lair of Beasts
 15014 | Lair:1   | Noticed a five-headed hydra
 15496 | D:10     | Got a pitted leather armour
 15507 | D:10     | Identified the -5 leather armour of Gheaplyt {MR+ Str+3} (You found it on level 10 of the Dungeon)
 15564 | D:10     | Reached skill level 17 in Axes
 15564 | D:10     | Reached XP level 12. HP: 68/81 MP: 19/19
 15630 | D:10     | Reached skill level 1 in Dodging
 15734 | D:10     | Found a portal to a secret trove of treasure.
 16145 | D:10     | Got a fine short sword
 16463 | D:11     | Reached skill level 3 in Invocations
 16468 | D:11     | Reached skill level 3 in Armour
 16469 | D:11     | HP: 15/83 [komodo dragon (24)]
 16472 | D:11     | Reached skill level 2 in Dodging
 16579 | D:11     | Found a labyrinth entrance.
 16583 | Lab      | Entered a labyrinth
 16912 | Lab      | Noticed a minotaur
 16977 | Lab      | Killed a minotaur
 16977 | Lab      | Reached skill level 4 in Fighting
 17014 | Lab      | Got a fine scale mail
 17025 | Lab      | Identified the cursed -4 scale mail of Complete Protection {rC++ Regen+ Str-4 SInv} (You found it in a labyrinth)
 17029 | Lab      | Identified a +6 iron rod (9/9) (You found it in a labyrinth)
 17160 | D:11     | Reached skill level 4 in Invocations
 17263 | D:11     | Reached skill level 4 in Armour
 17456 | D:11     | HP: 16/85 [manticore (15)]
 17463 | D:11     | Reached skill level 5 in Fighting
 17463 | D:11     | Reached skill level 3 in Dodging
 18077 | D:12     | Reached skill level 1 in Shields
 18115 | D:12     | Reached skill level 2 in Shields
 18231 | D:12     | Found a staircase to the Orcish Mines.
 18242 | D:12     | Reached skill level 3 in Shields
 18364 | D:12     | Gained mutation: You are surrounded by a mild repulsion field (EV +2). [potion of beneficial mutation]
 18391 | D:12     | Reached skill level 4 in Shields
 18429 | D:12     | Reached skill level 5 in Shields
 18511 | Orc:1    | Entered Level 1 of the Orcish Mines
 18543 | Orc:1    | Noticed Snorg
 18555 | Orc:1    | HP: 15/86 [Snorg (13)]
 18562 | Orc:1    | HP: 12/86 [spatial distortion (1)]
 18590 | Orc:1    | Noticed Maurice
 18595 | Orc:1    | Found a dark tunnel.
 18596 | Orc:1    | Killed from afar by an orc sorcerer

Action                   |  1- 3 |  4- 6 |  7- 9 | 10-12 || total
-------------------------+-------+-------+-------+-------++-------
Melee: Hand axe          |    85 |   327 |       |       ||   412
       War axe           |       |   102 |   257 |   651 ||  1010
Invok: Depart the Abyss  |     1 |       |       |       ||     1
       Bend Space        |       |       |       |    11 ||    11
Evoke: Wand              |       |       |       |     3 ||     3
       Deck              |       |       |       |     7 ||     7
  Use: Scroll            |     4 |    12 |     7 |    12 ||    35
       Potion            |       |     1 |     1 |    10 ||    12
 Stab: Invisible         |       |       |       |     9 ||     9
       Distracted        |       |       |       |     1 ||     1
  Eat: Chunk             |     1 |    11 |    12 |    32 ||    56
       Royal jelly       |       |     1 |       |       ||     1

Vault maps used:
D:1:      minmay_arrival_nine_rooms, serial_forest, infiniplex_forest_3_way,
          infiniplex_forest_lined_2, infiniplex_forest_corner_2,
          infiniplex_forest_clump_double, infiniplex_forest_corner_2,
          infiniplex_forest_clump_medium, infiniplex_forest_corner_1,
          infiniplex_forest_end_double, infiniplex_forest_straight_2,
          minivault_5, nrook_loot_triangle, hangedman_abyss_or_decor_lesser_grid
D:2:      nicolae_overflow_crystal_walls, minmay_misc_feat_ornament
D:3:      serial_undead, serial_undead_e, serial_undead_a, serial_undead_b,
          serial_undead_f, first_bread, glass_columns_a,
          kennysheep_generic_room_16, uniq_natasha
D:4:      black_bear_nest_2, minmay_temple_entry_statues
D:5:      nicolae_qazlal_style_of_elements, lemuel_crystal_altar
D:6:      kennysheep_steamy, grunt_temple_overflow_open, basic_altar,
          lemuel_statue_altar, uniq_grinder, uniq_eustachio, uniq_duvessa,
          uniq_menkaure
D:7:      beetle_altar_2, serial_shops, shop, nicolae_shop_trees, shop,
          enter_bailey_2, grunt_livestock, kennysheep_generic_room_14
D:8:      david_lair_shrubbed
D:9:      nicolae_ru_path_of_blood
D:10:     enter_trove_6
D:11:     lab_entry_generic, grunt_ministairs_12
D:12:     zombieorc1_lemuel, minmay_variable_closet
Orc:1:    nicolae_volcano_entry_hallway, statue_in_the_mist_lemuel,
          uniq_maurice, uniq_erolcha, uniq_snorg
Lab:      labyrinth_mini_lab, nicolae_lab_plus, lab_statue, lab_hedge,
          nicolae_lab_flowing_pool
Bailey:   bailey_axe_3, bailey

Table legend:
 A = Turns spent in this place as a percentage of turns spent in the entire game.
 B = Non-inter-level travel turns spent in this place as a percentage of non-inter-level travel turns spent in the entire game.
 C = Inter-level travel turns spent in this place as a percentage of turns spent in this place.
 D = Turns resting spent in this place as a percentage of non-inter-level travel turns spent in this place.
 E = Turns spent auto-exploring this place as a percentage of non-inter-level travel turns spent in this place.
 F = Non-inter-level travel turns spent in this place divided by the number of levels of this place that you've seen.
                   A       B       C       D       E      F
               +-------+-------+-------+-------+-------+----------------------
         Total | 100.0 | 100.0 |   0.3 |   5.7 |   7.1 | 296.5
       Dungeon |  84.8 |  84.8 |   0.4 |   6.4 |   8.0 | 356.2
          Lair |   0.6 |   0.6 |   0.0 |   0.0 |   0.0 |  31.0
  Orcish Mines |   1.5 |   1.5 |   0.0 |   0.0 |   0.0 |  76.0
         Abyss |   2.3 |   2.3 |   0.0 |   0.0 |   0.0 | 115.0
     Labyrinth |   5.9 |   5.9 |   0.0 |   1.3 |   0.0 | 297.0
        Bailey |   4.9 |   4.9 |   0.0 |   4.4 |   5.2 | 248.0
               +-------+-------+-------+-------+-------+----------------------

Table legend:
 A = Kills in this place as a percentage of kills in entire the game.
 B = Kills by you in this place as a percentage of kills by you in the entire game.
 C = Kills by friends in this place as a percentage of kills by friends in the entire game.
 D = Other kills in this place as a percentage of other kills in the entire game.
 E = Experience gained in this place as a percentage of experience gained in the entire game.
 F = Experience gained in this place divided by the number of levels of this place that you have seen.
                   A       B       C       D       E      F
               +-------+-------+-------+-------+-------+----------------------
         Total | 100.0 | 100.0 | 100.0 |  -nan | 100.0 | 1378.4
       Dungeon |  92.9 |  93.1 |   0.0 |  -nan |  87.4 | 1706.8
          Lair |   1.4 |   1.4 |   0.0 |  -nan |   5.4 | 1266.0
  Orcish Mines |   1.7 |   1.7 |   0.0 |  -nan |   0.1 |  21.0
     Labyrinth |   0.2 |   0.0 | 100.0 |  -nan |   2.3 | 533.0
        Bailey |   3.8 |   3.8 |   0.0 |  -nan |   4.8 | 1132.0
               +-------+-------+-------+-------+-------+----------------------
